 Dungeon Crawl Stone Soup version 0.29.0-13-gc9e81de378 (webtiles) character file.

Game seed: 8802304323704030638

1958 Bartlander the Skirmisher (level 9, -7/62 HPs)
             Began as a Barachi Hunter on Sept 8, 2022.
             Was a Follower of Cheibriados.
             Mangled by Duvessa
             ... wielding a +0 short sword
              (10 damage)
             ... on level 7 of the Dungeon.
             The game lasted 00:20:57 (6897 turns).

Bartlander the Skirmisher (Barachi Hunter)          Turns: 6897, Time: 00:20:57

Health: -7/62      AC:  6    Str: 14    XL:     9   Next: 19%
Magic:  9/9        EV: 13    Int: 11    God:    Cheibriados [*.....]
Gold:   615        SH:  0    Dex: 23    Spells: 8/8 levels left

rFire   . . .      SeeInvis .   a - +3 shortbow
rCold   . . .      Faith    .   (shield currently unavailable)
rNeg    . . .      Spirit   .   q - +0 steam dragon scales
rPois   .          Reflect  .   k - +0 helmet
rElec   .          Harm     .   (no cloak)
rCorr   +          Rampage  .   (no gloves)
Will    .....                   (no boots)
Stlth   ++........              (no amulet)
HPRegen 0.20/turn               j - ring of resist corrosion
MPRegen 0.11/turn               (no ring)

@: unable to hop, very slow
A: amphibious, slowness 1, strong legs 1, +LOS
a: Hop, Renounce Religion, Bend Time


You were on level 7 of the Dungeon.
You worshipped Cheibriados.
Cheibriados was aware of your devotion.
You visited 2 branches of the dungeon, and saw 8 of its levels.
You also visited: Sewer.

You collected 615 gold pieces.

Inventory:

Hand Weapons
 a - a +3 shortbow (weapon)
Armour
 c - a +1 leather armour
 k - a +0 helmet (worn)
 q - +0 steam dragon scales (worn)
Jewellery
 j - a ring of resist corrosion (left hand)
Wands
 s - a wand of flame (14)
 t - a wand of mindburst (7)
Scrolls
 b - a scroll of immolation
 i - 3 scrolls of butterflies
 m - 3 scrolls of enchant weapon
 n - a scroll of blinking {unknown}
 o - 2 scrolls of teleportation
Potions
 d - a potion of magic {unknown}
 e - 2 potions of flight
 f - a potion of might {unknown}
 g - a potion of invisibility
 h - 2 potions of mutation
 l - 6 potions of curing
 p - a potion of berserk rage


   Skills:
 - Level 2.4 Fighting
 + Level 12.3 Ranged Weapons
 - Level 2.2 Dodging
 - Level 0.9 Stealth


You had 8 spell levels left.
You didn't know any spells.
Your spell library contained the following spells:

 Spells                   Type           Power      Damage    Failure   Level
 Beastly Appendage        Tmut           0%         N/A       34%         1
 Wereblood                Tmut           0%         N/A       47%         2
 Spider Form              Tmut/Pois      0%         N/A       71%         3
 Summon Guardian Golem    Hex/Summ       0%         N/A       71%         3
 Dispersal                Tloc           0%         N/A       100%        6
 Malign Gateway           Summ/Tloc      0%         N/A       100%        7
 Orb of Destruction       Conj           0%         9d5       100%        7
 Spellforged Servitor     Conj/Summ      0%         N/A       100%        7
 Disjunction              Tloc           0%         N/A       100%        8
 Summon Horrible Things   Summ           0%         N/A       100%        8


Dungeon Overview and Level Annotations

Branches:
Dungeon (7/15)             Temple (1/1) D:5           Sewer (visited)

Altars:
Ashenzari
Cheibriados
Elyvilon
Gozag
Hepliaklqana
Kikubaaqudgha
Makhleb
Qazlal
Trog
Uskayaw
Vehumet
Wu Jian
Xom
Yredelemnul

Shops:
D:1 =

Annotations:
D:5 1 runed translucent door, Crazy Yiuf
D:7 Duvessa


Innate Abilities, Weirdness & Mutations

You are amphibious.
You cover ground slowly.
You can hop short distances.
You have an extended range of vision and can be seen from far away.


Message History

Duvessa misses you.
Fire: a) +3 shortbow
Press: ? - help, Q - select action, (/) - cycle Shift-Dir - straight line, f/p - Duvessa
Aim: Duvessa, wielding a +0 short sword and wearing a +1 leather armour of poison resistance (almost dead, berserk, 75% to hit)
You shoot an arrow. The arrow closely misses Duvessa.
Duvessa misses you.
Fire: a) +3 shortbow
Press: ? - help, Q - select action, (/) - cycle Shift-Dir - straight line, f/p - Duvessa
Aim: Duvessa, wielding a +0 short sword and wearing a +1 leather armour of poison resistance (almost dead, berserk, 75% to hit)
You shoot an arrow. The arrow closely misses Duvessa.
Duvessa misses you.
Fire: a) +3 shortbow
Press: ? - help, Q - select action, (/) - cycle Shift-Dir - straight line, f/p - Duvessa
Aim: Duvessa, wielding a +0 short sword and wearing a +1 leather armour of poison resistance (almost dead, berserk, 75% to hit)
You shoot an arrow.
The arrow hits Duvessa but does no damage.
Duvessa is almost dead.
Duvessa misses you. Duvessa closely misses you.
Fire: a) +3 shortbow
Press: ? - help, Q - select action, (/) - cycle Shift-Dir - straight line, f/p - Duvessa
Aim: Duvessa, wielding a +0 short sword and wearing a +1 leather armour of poison resistance (almost dead, berserk, 75% to hit)
You shoot an arrow. The arrow barely misses Duvessa.
Duvessa barely misses you.
Fire: a) +3 shortbow
Press: ? - help, Q - select action, (/) - cycle Shift-Dir - straight line, f/p - Duvessa
Aim: Duvessa, wielding a +0 short sword and wearing a +1 leather armour of poison resistance (almost dead, berserk, 75% to hit)
You shoot an arrow.
The arrow hits Duvessa but does no damage.
Duvessa is almost dead.
Duvessa hits you with a +0 short sword!!
* * * LOW HITPOINT WARNING * * *
Fire: a) +3 shortbow
Press: ? - help, Q - select action, (/) - cycle Shift-Dir - straight line, f/p - Duvessa
Aim: Duvessa, wielding a +0 short sword and wearing a +1 leather armour of poison resistance (almost dead, berserk, 75% to hit)
You shoot an arrow. The arrow hits Duvessa.
Duvessa is almost dead.
Duvessa hits you with a +0 short sword.
* * * LOW HITPOINT WARNING * * *
Duvessa hits you with a +0 short sword!
You die...

.....##....#.....#..####.....#..>
.....###...'.(...'...###.....#...
.....# ##..#..(..#....##.##..#...
.....# ##.#.....#.†...#.##.#####
.....# #####'####....#.##.#
.....+ #.....###..)+.##.#
##.....###..#....#
##.....###.#.##.#
##.@...####.##.# ##.e...# #.##.#
###'### ..##.#
..)............##.#
.######...........# #############


You could see Duvessa (berserk).

Vanquished Creatures
  Eustachio (D:6)
  A steam dragon (D:7)
  2 water moccasins
  A sky beast (D:7)
  3 ogres
  2 phantoms
  2 bullfrogs (D:7)
  2 gnoll sergeants (D:7)
  A scorpion (D:6)
  Dowan (D:7)
  A howler monkey (D:6)
  A gnoll bouda (D:5)
  2 hounds
  An orc priest (D:5)
  3 iguanas
  An orc wizard (D:5)
  9 gnolls
  6 adders
  A river rat (D:4)
  A white imp (D:5)
  2 ufetubi
  3 worms
  2 dart slugs
  15 orcs
  9 ball pythons
  5 endoplasms
  3 giant cockroaches
  5 goblins
  11 hobgoblins
  3 jackals (D:2)
  3 kobolds
  3 quokkas
  6 bats
  A frilled lizard (D:2)
  11 rats
124 creatures vanquished.

Vanquished Creatures (collateral kills)
  An ice beast (D:6)
1 creature vanquished.

Vanquished Creatures (others)
  2 white imps (D:7)
  A fungus (D:5)
3 creatures vanquished.

Grand Total: 128 creatures vanquished

Notes
Turn   | Place    | Note
-------+----------+-------------------------------------------
     0 | D:1      | Bartlander the Barachi Hunter began the quest for the Orb.
     0 | D:1      | Reached XP level 1. HP: 17/17 MP: 1/1
    44 | D:1      | Reached XP level 2. HP: 23/23 MP: 2/2
   185 | D:1      | You fall into a shaft and drop 1 floor!
   211 | D:2      | Reached XP level 3. HP: 28/28 MP: 3/3
   263 | D:2      | Reached skill level 5 in Ranged Weapons
   813 | D:1      | Found Ifodah's Jewellery Emporium.
  1267 | D:2      | Found a faded altar of an unknown god.
  1492 | D:3      | Reached XP level 4. HP: 34/34 MP: 4/4
  1939 | D:4      | Reached skill level 6 in Ranged Weapons
  1946 | D:4      | Reached XP level 5. HP: 28/39 MP: 5/5
  2308 | D:4      | Found a glowing drain.
  2315 | Sewer    | Entered a sewer
  2465 | Sewer    | Noticed a water moccasin
  2496 | Sewer    | Killed a water moccasin
  2497 | Sewer    | Reached skill level 7 in Ranged Weapons
  2497 | Sewer    | Reached XP level 6. HP: 35/46 MP: 6/6
  3045 | D:5      | Entered Level 5 of the Dungeon
  3313 | D:5      | Found a runed translucent door.
  3314 | D:5      | Noticed Crazy Yiuf
  3592 | D:5      | Found a staircase to the Ecumenical Temple.
  3756 | D:5      | Reached skill level 8 in Ranged Weapons
  3756 | D:5      | Reached XP level 7. HP: 51/51 MP: 7/7
  4428 | D:5      | Found a hide-covered altar of Uskayaw.
  4428 | D:5      | Found a stormy altar of Qazlal.
  4666 | D:5      | Reached skill level 9 in Ranged Weapons
  4809 | D:5      | Found a white marble altar of Elyvilon.
  4809 | D:5      | Found an ornate altar of the Wu Jian Council.
  4816 | D:5      | Found an opulent altar of Gozag.
  4821 | D:5      | Found a shimmering altar of Xom.
  4914 | Temple   | Entered the Ecumenical Temple
  4978 | Temple   | Became a worshipper of Cheibriados the Contemplative
  5090 | D:6      | Noticed Eustachio
  5113 | D:6      | Killed Eustachio
  5114 | D:6      | Reached XP level 8. HP: 53/57 MP: 8/8
  5163 | D:6      | Reached skill level 10 in Ranged Weapons
  6354 | D:7      | Reached skill level 11 in Ranged Weapons
  6729 | D:7      | Reached XP level 9. HP: 54/62 MP: 9/9
  6781 | D:7      | Reached skill level 12 in Ranged Weapons
  6828 | D:7      | Reached * piety under Cheibriados
  6877 | D:7      | Noticed Dowan
  6879 | D:7      | Killed Dowan
  6879 | D:7      | Noticed Duvessa
  6897 | D:7      | HP: 3/62 [Duvessa/+0 short sword (5)]
  6897 | D:7      | Mangled by Duvessa

Illustrated notes

Levels and vault maps discovered:
D:1:      dpeg_arrival_houses_and_road, layout_basic, serial_shops, shop,
          serial_aquarium, aquarium_bridge_island_small
          [aquarium_subvault_small_water, aquarium_subvault_balcony,
          aquarium_subvault_bridge, aquarium_subvault_wall,
          aquarium_subvault_window], aquarium_bridge_straight
          [aquarium_subvault_bridge, aquarium_subvault_window,
          aquarium_subvault_bridge, aquarium_subvault_wall], aquarium_window_1,
          aquarium_window_1, aquarium_window_1, aquarium_view_2b,
          aquarium_balcony_5b, aquarium_pool_split
D:2:      layout_basic, ebering_ecumenical_altar_webs
D:3:      layout_rooms
D:4:      layout_loops_ring, lightli_sewer_entry_pipes
D:5:      layout_gridville, minmay_overflow_temple_hex,
          minmay_temple_entry_grid, uniq_crazy_yiuf_cottage
D:6:      layout_loops_cross, minmay_misc_feat_diagonals, uniq_eustachio
D:7:      layout_gridville, minmay_quadrilaterals, uniq_duvessa
Temple:   dpeg_chambers_temple

Skill      XL: |  1  2  3  4  5  6  7  8  9 |
---------------+----------------------------+-----
Ranged Weapons | 5 6 7 8 9 11 12 | 12.3
Fighting       | |  2.4
Dodging        | |  2.2
Stealth        | |  0.9

Action                   |  1- 3 |  4- 6 |  7- 9 || total
-------------------------+-------+-------+-------++-------
 Fire: Shortbow          |   109 |   133 |   191 ||   433
 Abil: Hop               |     1 |     5 |    14 ||    20
Evoke: Wand              |       |       |     3 ||     3
  Use: Scroll            |     5 |     5 |     6 ||    16
       Potion            |       |     1 |     3 ||     4
Armor: Leather armour    |     5 |    10 |     7 ||    22
       Steam dragon scal |       |       |     2 ||     2
Dodge: Dodged            |    18 |    61 |    62 ||   141
